 Dungeon Crawl Stone Soup version 0.26-a0-43-g20b394cb32 (webtiles) character file.

Game seed: 15575357797504215219

210 Majang the Chucker (level 5, -5/54 HPs)
             Began as an Ogre Hunter on June 2, 2020.
             Slain by a gnoll
             ... wielding a +0 spear
              (7 damage)
             ... on level 3 of the Dungeon.
             The game lasted 00:11:32 (3575 turns).

Majang the Chucker (Ogre Hunter)                    Turns: 3575, Time: 00:11:33

Health: -5/54      AC:  4    Str: 17    XL:     5   Next: 87%
Magic:  5/5        EV: 10    Int: 12    God:
Gold:   123        SH:  0    Dex:  9    Spells: 4/4 levels left

rFire    . . .     SeeInvis .   p - +2 whip (venom)
rCold    . . .     Gourm    .   (no shield)
rNeg     . . .     Faith    .   b - +0 robe
rPois    .         Spirit   .   (helmet restricted)
rElec    .         Reflect  .   g - +0 cloak
rCorr    .         Harm     .   (gloves unavailable)
MR       .....                  (boots unavailable)
Stlth    +.........             l - amulet of magic regeneration
HPRegen  0.18/turn              (no ring)
MPRegen  0.34/turn              (no ring)

@: no status effects
A: large, unfitting armour, tough skin 1
a: no special abilities


You were on level 3 of the Dungeon.
You were not hungry.

You visited 1 branch of the dungeon, and saw 3 of its levels.

You collected 123 gold pieces.

Inventory:

Hand Weapons
 h - a +0 club
 p - a +2 whip of venom (weapon)
Missiles
 c - 4 large rocks
 d - a throwing net
 k - 9 poisoned darts (quivered)
 o - 2 boomerangs
Armour
 b - a +0 robe (worn)
 g - a +0 cloak (worn)
Jewellery
 l - an amulet of magic regeneration (around neck)
Wands
 s - a wand of paralysis (10)
Scrolls
 a - a scroll of enchant weapon {unknown}
 e - a scroll of amnesia {unknown}
 q - a scroll of identify {unknown}
 r - 2 scrolls of remove curse {unknown}
 t - a scroll of teleportation
Potions
 i - 2 potions of stabbing {unknown}
 j - 3 potions of curing
 m - a potion of magic {unknown}
 n - a potion of invisibility
Comestibles
 f - 7 rations


   Skills:
 + Level 4.0 Fighting
 * Level 2.6 Maces & Flails
 * Level 5.1 Throwing
 + Level 2.6 Dodging
 - Level 0.6 Stealth


You had 4 spell levels left.
You didn't know any spells.
Your spell library was empty.

Dungeon Overview and Level Annotations

Branches:
Dungeon (3/15)

Altars:
Elyvilon
Trog


Innate Abilities, Weirdness & Mutations

You are too large for most types of armour.
You have tough skin. (AC +1)


Message History

The gnoll is lightly wounded.
The gnoll hits you with a +0 halberd. The gnoll hits you but does no damage.
You hit the gnoll.
The gnoll is poisoned.
The gnoll is lightly wounded.
The gnoll hits you with a +0 spear. The gnoll barely misses you.
You hit the gnoll.
The gnoll is poisoned.
The gnoll is lightly wounded.
The gnoll hits you with a +0 spear.
* * * LOW HITPOINT WARNING * * *
The gnoll hits you with a +0 halberd!
* * * LOW HITPOINT WARNING * * *
You closely miss the gnoll.
The gnoll is lightly wounded.
The gnoll barely misses you. The gnoll closely misses you.
You hit the gnoll but do no damage.
The gnoll looks as sick as possible!
The gnoll is heavily wounded.
The gnoll misses you. The gnoll hits you with a +0 halberd.
* * * LOW HITPOINT WARNING * * *
The gnoll hits you with a +0 spear!
You die...

#.# #.#.# #.# ##+## #.#.## #.#
##...## #.#..# #.# ##.....##
#.##.# #.# ## #.......##
#..#.###.# ##.##
.........####........######...##.
.........'....)g.................
.........####....g#########...##.
#.......## #..#@.# ##.#.##
##.....## #<##..# ##.#.####.
##...## #.#...# #.#.......
##'###### #.#.#.# ##...#####
#.......# #.#.#.# ##.##
###..####.# #.....# #g######
.....####.#####.### #.##g...
##....#.........# #l#.###.
##......#.####### #.†## ##


You could see 2 gnolls.

Vanquished Creatures
  An orc wizard (D:1)
  2 orc priests
  Jessica (D:2)
  2 gnolls (D:3)
  2 adders (D:2)
  A worm (D:3)
  2 leopard geckos
  5 orcs
  4 giant cockroaches
  4 goblins
  4 hobgoblins (D:2)
  6 jackals
  7 kobolds
  A ball python (D:2)
  2 bats
  2 frilled lizards (D:1)
  9 rats
55 creatures vanquished.

Notes
Turn   | Place    | Note
-------+----------+-------------------------------------------
     0 | D:1      | Majang the Ogre Hunter began the quest for the Orb.
     0 | D:1      | Reached XP level 1. HP: 22/22 MP: 1/1
   309 | D:1      | Reached XP level 2. HP: 29/29 MP: 2/2
   942 | D:1      | Reached skill level 1 in Maces & Flails
   942 | D:1      | Reached XP level 3. HP: 19/37 MP: 3/3
  1136 | D:2      | Reached XP level 4. HP: 45/45 MP: 4/4
  1215 | D:2      | Found a white marble altar of Elyvilon.
  1215 | D:2      | Noticed Jessica
  1228 | D:2      | Killed Jessica
  1443 | D:2      | Reached XP level 5. HP: 12/54 MP: 5/5
  2727 | D:3      | Reached skill level 5 in Throwing
  3193 | D:3      | Found a bloodstained altar of Trog.
  3574 | D:3      | HP: 2/54 [gnoll/+0 halberd (5)]
  3575 | D:3      | Slain by a gnoll

Illustrated notes

Levels and vault maps discovered:
D:1:      nicolae_arrival_washed_ashore, layout_loops_ring
D:2:      layout_basic, elyvilon_altar_3, uniq_jessica
D:3:      layout_loops_corners, trog_three_pillars_becter

Skill      XL: |  1  2  3  4  5 |
---------------+----------------+-----
Fighting       | 3 4 |  4.0
Dodging        | 2 |  2.6
Maces & Flails | 1 2 |  2.6
Throwing       | 5 |  5.1
Stealth        | |  0.6

Action                   |  1- 3 |  4- 6 || total
-------------------------+-------+-------++-------
Melee: Club              |    63 |   131 ||   194
       Short sword       |    17 |       ||    17
       Whip              |       |    31 ||    31
Throw: Large rock        |     4 |     7 ||    11
       Dart              |       |    32 ||    32
       Throwing net      |       |     2 ||     2
  Use: Potion            |       |     3 ||     3
       Scroll            |       |     1 ||     1
 Stab: Sleeping          |     1 |       ||     1
  Eat: Chunk             |     1 |     6 ||     7
       Ration            |       |     1 ||     1
Armor: Robe              |    32 |    67 ||    99
Dodge: Dodged            |    48 |   128 ||   176

Table legend:
 A = Non-vault XP
 B = Vault XP
 C = Vault XP percentage of total XP
 D = Non-vault monster count
 E = Vault monster count
 F = Vault count percentage of total count
                 A         B        C        D         E       F
            +---------+---------+-------+---------+---------+-------
      Total |     263 |      37 |  12.3 |      54 |       1 |   1.8
            +---------+---------+-------+---------+---------+-------
        D:1 |      64 |       0 |   0.0 |      16 |       0 |   0.0
        D:2 |     111 |      37 |  25.0 |      28 |       1 |   3.4
        D:3 |      88 |       0 |   0.0 |      10 |       0 |   0.0
            +---------+---------+-------+---------+---------+-------
